 Dungeon Crawl Stone Soup version 0.19.1 (webtiles) character file.

693 esteth the Agent of Entropy (level 7, 0/52 HPs)
             Began as a Demonspawn Abyssal Knight on Dec 27, 2016.
             Was a Priest of Lugonu.
             Killed by divine providence
             ... invoked by an orc priest
              (10 damage)
             ... on level 5 of the Dungeon.
             The game lasted 00:19:05 (8101 turns).

esteth the Agent of Entropy (DsAK)                  Turns: 8101, Time: 00:19:06

Health: 0/52       AC:  8    Str: 14    XL:     7   Next: 37%
Magic:  12/12      EV: 16    Int: 13    God:    Lugonu [***...]
Gold:   304        SH:  0    Dex: 18    Spells: 0 memorised, 6 levels left

rFire  . . .     SeeInvis .     a - +1 spear
rCold  . . .     Gourm    .     w - +0 ring mail
rNeg   . . .     Faith    .     (no shield)
rPois  .         Spirit   .     (no helmet)
rElec  .         Reflect  .     (no cloak)
rCorr  +         Harm     .     (no gloves)
MR     .....                    g - +0 pair of boots
Stlth  +++.......               (no amulet)
                                s - ring of stealth
                                o - ring of resist corrosion

@: agile, drained
A: molten scales 1, demonic guardian 1, powered by pain 1
a: Depart the Abyss, Bend Space, Banish, Renounce Religion


You were on level 5 of the Dungeon.
You worshipped Lugonu.
Lugonu was most pleased with you.
You were not hungry.

You visited 1 branch of the dungeon, and saw 6 of its levels.
You visited the Abyss 1 time.
You also visited: Sewer.

You collected 304 gold pieces.

Inventory:

Hand Weapons
 a - a +1 spear (weapon)
Armour
 b - a +0 leather armour
 g - a +0 pair of boots (worn)
 w - a +0 ring mail (worn)
Jewellery
 o - a ring of resist corrosion (left hand)
 s - a ring of stealth (right hand)
Wands
 x - a wand of confusion (14/48)
 B - a wand of flame (17/48)
Scrolls
 f - 2 scrolls of remove curse
 i - a scroll of fear
 n - 3 scrolls of identify {unknown}
 t - 2 scrolls of teleportation
 v - 2 scrolls of enchant weapon {unknown}
 y - a scroll of holy word {unknown}
Potions
 e - 2 potions of heal wounds {unknown}
 h - a potion of mutation {unknown}
 k - 3 potions of invisibility {unknown}
 m - a potion of lignification {unknown}
 p - 5 potions of curing
 q - 2 potions of brilliance {unknown}
 u - a potion of cancellation {unknown}
 z - a potion of agility {unknown}
 A - 2 potions of magic {unknown}
 C - a potion of resistance {unknown}
Comestibles
 c - 3 bread rations
 d - 2 slices of pizza
 j - 3 royal jellies
 l - 7 fruits
 r - 2 meat rations
 D - 3 chunks of flesh


   Skills:
 - Level 3.0(2.1) Fighting
 - Level 4.8(3.9) Polearms
 - Level 1.7(0.9) Armour
 + Level 2.5(1.7) Dodging
 + Level 7.8(6.9) Invocations


You had 6 spell levels left.
You didn't know any spells.

Dungeon Overview and Level Annotations

Branches:
Dungeon (6/15)
 Temple: D:4-7

Altars:
Dithmenos
Makhleb
The Shining One


Innate Abilities, Weirdness & Mutations

You are partially covered in molten scales. (AC +2)
A weak demonic guardian rushes to your aid.
You sometimes gain a little power by taking damage.


Message History

* * * LOW HITPOINT WARNING * * *
You focus on the pain.
You feel agile all of a sudden. The leopard gecko bites you.
* * * LOW HITPOINT WARNING * * *
You are too injured to fight recklessly!
Your shadow imp barely misses the leopard gecko.
The leopard gecko completely misses you.
The orc priest misses you.
You climb upwards.
Your summoned ally is left behind.
There is a stone staircase leading down here.
You are too injured to fight recklessly!
You are too injured to fight recklessly!
You are too injured to fight recklessly!
The leopard gecko misses you. The leopard gecko closely misses you.
The leopard gecko completely misses you.
The orc priest calls down the wrath of Beogh upon you.
Beogh smites you!
You die...

..........#.####### ###.......###
###########.......###########...#
#############....##########..
#.........# ####.............
#...<.....####......########.
#...............###...###....
#...5...........#####..##.###
#.................#######.###
#######.....@.lo#..#####<....
###..######.........###
#...#####(....>...#
###########......#........##
#..>......##.###.#........#
#.........##.[.#.#.......##
#.........####...#.......#
#.........# ##..........#####
#.........#####.#..#####...<..


You could see an orc priest and a leopard gecko.

Vanquished Creatures
  A phantom (D:4)
  3 wights
  The ghost of dscm the Sneak, a weakling OpEE (D:4)
  A hound (D:5)
  2 orc wizards
  A bullfrog skeleton (D:5)
  An iguana (D:4)
  3 worker ants
  A hound skeleton (D:4)
  6 adders
  3 river rats (Sewer)
  An ooze (D:3)
  An adder skeleton (D:4)
  4 worms
  2 dart slugs
  9 orcs
  4 giant cockroaches
  6 goblins
  8 hobgoblins
  7 jackals
  10 kobolds
  2 quokkas
  4 ball pythons
  4 bats
  10 frilled lizards
  A giant cockroach zombie (D:5)
  A leopard gecko skeleton (D:5)
  A quokka skeleton (D:5)
  16 rats
114 creatures vanquished.

Vanquished Creatures (collateral kills)
  A scorpion (D:5)
  An orc priest (D:6)
  An adder (D:2)
  A river rat (Sewer)
  2 ball pythons (Sewer)
6 creatures vanquished.

Grand Total: 120 creatures vanquished

Notes
Turn   | Place    | Note
-------+----------+-------------------------------------------
     0 | Abyss:1  | esteth the Demonspawn Abyssal Knight began the quest for the Orb.
     0 | Abyss:1  | Reached XP level 1. HP: 18/18 MP: 2/2
    53 | Abyss:1  | Noticed a smoke demon
    71 | Abyss:1  | Noticed a wretched star
    74 | D:1      | Escaped the Abyss
   150 | D:1      | Reached * piety under Lugonu
   183 | D:1      | Reached skill level 3 in Invocations
   183 | D:1      | Gained mutation: You sometimes gain a little power by taking damage. [demonic ancestry]
   183 | D:1      | Reached XP level 2. HP: 15/24 MP: 2/4
   774 | D:1      | Gained mutation: A weak demonic guardian rushes to your aid. [demonic ancestry]
   774 | D:1      | Reached XP level 3. HP: 19/29 MP: 5/5
  1013 | D:2      | Reached skill level 4 in Invocations
  1818 | D:2      | Reached XP level 4. HP: 35/35 MP: 7/7
  2562 | D:3      | Reached ** piety under Lugonu
  2705 | D:3      | Found a glowing drain.
  2717 | Sewer    | Entered a sewer
  2994 | Sewer    | Reached skill level 5 in Invocations
  2995 | Sewer    | Reached XP level 5. HP: 12/41 MP: 8/8
  4571 | D:4      | Noticed a phantom
  4627 | D:4      | Killed a phantom
  4627 | D:4      | Reached skill level 6 in Invocations
  4858 | D:4      | Noticed dscm's ghost (weakling OpEE)
  4865 | D:4      | Reached XP level 6. HP: 27/47 MP: 10/10
  4933 | D:4      | Killed dscm's ghost
  5809 | D:4      | Reached *** piety under Lugonu
  6311 | D:4      | Found a burning altar of Makhleb.
  6328 | D:4      | Noticed a green death
  6813 | D:5      | Entered Level 5 of the Dungeon
  6857 | D:5      | Reached skill level 7 in Invocations
  7167 | D:5      | Reached skill level 1 in Dodging
  7314 | D:4      | Gained mutation: You are partially covered in molten scales. (AC +2) [demonic ancestry]
  7314 | D:4      | Reached XP level 7. HP: 12/52 MP: 12/12
  7666 | D:5      | Found a shadowy altar of Dithmenos.
  7796 | D:5      | Found a glowing golden altar of the Shining One.
  8101 | D:5      | Killed from afar by an orc priest

Skill      XL: |  1  2  3  4  5  6  7 |
---------------+----------------------+-----
Polearms       | 2 3 4 |  4.8
Invocations    | 3 4 5 6 7 |  7.8
Dodging        | 1 2 |  2.5
Fighting       | |  3.0
Armour         | |  1.7

Action                   |  1- 3 |  4- 6 |  7- 9 || total
-------------------------+-------+-------+-------++-------
Melee: Spear             |   149 |   477 |    61 ||   687
Invok: Depart the Abyss  |     1 |       |       ||     1
  Use: Scroll            |       |     9 |       ||     9
 Stab: Sleeping          |       |     3 |       ||     3
       Distracted        |       |     4 |       ||     4
  Eat: Chunk             |     1 |     7 |     2 ||    10
       Bread ration      |     1 |     2 |       ||     3
Armor: Leather armour    |    39 |    61 |       ||   100
       Ring mail         |       |     6 |    22 ||    28
Dodge: Dodged            |    78 |   176 |    38 ||   292
